 Dungeon Crawl Stone Soup version 0.23.0 (webtiles) character file.

Game seed: 6966123309457640125

490 tidbits the Charmwright (level 7, 56/56 HPs)
             Began as a Gnoll Skald on Feb 14, 2019.
             Quit the game on level 8 of the Dungeon.
             The game lasted 00:13:29 (1309 turns).

tidbits the Charmwright (Gnoll Skald)               Turns: 1309, Time: 00:13:29

Health: 56/56      AC:  9    Str: 14    XL:     7   Next: 14%
Magic:  12/15      EV: 11    Int: 17    God:
Gold:   93         SH:  0    Dex: 14    Spells: 6/17 levels left

rFire    + . .     SeeInvis .   a - +0 spear
rCold    + . .     Gourm    .   (no shield)
rNeg     . . .     Faith    .   B - +0 scale mail {rF+}
rPois    .         Spirit   .   E - +1 helmet
rElec    .         Reflect  .   (no cloak)
rCorr    .         Harm     .   (no gloves)
MR       .....                  (no boots)
Stlth    +.........             (no amulet)
HPRegen  0.18/turn              x - ring of wizardry
MPRegen  0.14/turn              w - ring of protection from cold (curse)

@: singing (expiring)
A: distributed training, fangs 1, strong nose
a: no special abilities


You were on level 8 of the Dungeon.
You were not hungry.

You visited 1 branch of the dungeon, and saw 7 of its levels.

You collected 93 gold pieces.

Inventory:

Hand Weapons
 a - a +0 spear (weapon)
 h - a +0 shortbow
 o - a +0 dagger
 s - a +0 morningstar
 u - a +0 war axe
Missiles
 g - 77 arrows
Armour
 b - a +0 leather armour
 v - a +0 ring mail
 B - a +0 scale mail of fire resistance (worn)
   (You found it on level 5 of the Dungeon)
 E - a +1 helmet (worn)
Jewellery
 r - an uncursed ring of teleportation
   (You found it on level 3 of the Dungeon)
 w - a cursed ring of protection from cold (right hand)
   (You found it on level 4 of the Dungeon)
 x - a ring of wizardry (left hand)
   (You found it on level 5 of the Dungeon)
 W - an uncursed ring of wizardry
   (You found it on level 3 of the Dungeon)
Wands
 p - a wand of random effects (20)
Scrolls
 c - 2 scrolls of remove curse
 e - a scroll of teleportation
 m - a scroll of blinking
Potions
 f - a potion of lignification {unknown}
 j - a potion of mutation {unknown}
 k - a potion of degeneration {unknown}
 l - a potion of magic
 n - a potion of invisibility
 q - a potion of ambrosia
 t - 2 potions of heal wounds
Comestibles
 d - 8 rations


   Skills:
 + Level 5.1 Fighting
 + Level 2.2 Short Blades
 + Level 2.2 Long Blades
 + Level 2.2 Axes
 + Level 2.2 Maces & Flails
 + Level 5.1 Polearms
 + Level 2.2 Staves
 + Level 2.2 Slings
 + Level 2.2 Bows
 + Level 2.2 Crossbows
 + Level 2.2 Throwing
 + Level 3.4 Armour
 + Level 5.1 Dodging
 + Level 2.2 Stealth
 + Level 2.2 Shields
 + Level 2.2 Unarmed Combat
 + Level 5.5 Spellcasting
 + Level 1.8 Conjurations
 + Level 1.8 Hexes
 + Level 5.7 Charms
 + Level 1.8 Summonings
 + Level 1.8 Necromancy
 + Level 1.8 Translocations
 + Level 1.8 Transmutations
 + Level 1.8 Fire Magic
 + Level 1.8 Ice Magic
 + Level 1.8 Air Magic
 + Level 1.8 Earth Magic
 + Level 1.8 Poison Magic
 + Level 2.5 Invocations
 + Level 2.2 Evocations


You had 6 spell levels left.
You knew the following spells:

 Your Spells              Type           Power        Failure   Level  Hunger
g - Shroud of Golubria    Chrm/Tloc      ###.......   7%          2    #......
i - Infusion              Chrm           ###.         2%          1    None
r - Regeneration          Chrm/Necr      ###.......   14%         3    ##.....
w - Spectral Weapon       Hex/Chrm       ###.....     14%         3    ##.....
y - Song of Slaying       Chrm           ###.....     3%          2    #......

Your spell library contained the following spells:

 Spells                   Type           Power        Failure   Level  Hunger


Dungeon Overview and Level Annotations

Branches:
Dungeon (6/15)
 Temple: D:4-7

Altars:
Fedhas

Shops:
D:4 %

Annotations:
D:3 3 runed translucent doors, Killmatronix's ghost, amateur TeWn


Innate Abilities, Weirdness & Mutations

Your experience applies equally to all skills.
You have very sharp teeth.
Your uncanny sense of smell can sniff out nearby items.


Message History

Your spectral weapon hits the river rat from afar.
The river rat barely misses you.
You hit the river rat but do no damage.
The river rat is moderately wounded.
Your spectral weapon hits the river rat but does no damage.
You barely miss the river rat.
The river rat is moderately wounded.
Your spectral weapon hits the river rat but does no damage.
The river rat barely misses you.
You barely miss the river rat.
The river rat is moderately wounded.
Your song is almost over.
Your spectral weapon hits the river rat from afar.
The river rat barely misses you.
You hit the river rat.
You kill the river rat!
You barely miss the river rat.
You bite the river rat, but do no damage.
Your spectral weapon closely misses the river rat.
The river rat closely misses you.
You hit the river rat.
The river rat is moderately wounded.
Your spectral weapon barely misses the river rat.
The river rat bites you.
You hit the river rat.
The river rat is severely wounded.
Your spectral weapon hits the river rat from afar.
The river rat completely misses you.
You puncture the river rat!
You kill the river rat!
You puncture the river rat! You bite the river rat.
You kill the river rat!
You hit the river rat.
The river rat is heavily wounded.
Your song has ended.
Your spectral weapon barely misses the river rat.
The river rat misses you.
You hit the river rat.
The river rat is almost dead.
Your spectral weapon closely misses the river rat.
The river rat barely misses you.
Casting: Spectral Weapon (safe; 14% risk of failure)
Confirm with . or Enter, or press ? or * to list all spells.
You start singing a song of slaying.
The river rat bites you but does no damage.
Unknown command.
You hit the river rat but do no damage.
The river rat is almost dead.
Your spectral weapon hits the river rat from afar.
You kill the river rat!
You hit the rat. Your bite misses the rat.
The rat is moderately wounded.
Your spectral weapon misses the rat.
The rat bites you.
You hit the rat.
You kill the rat!
You hit the rat.
You kill the rat!
You puncture the rat!
You kill the rat!
Attack whom?
Press: ? - help, Dir - move target cursor, f - rat
Aim: a rat You reach to attack!
You hit the rat.
The rat is heavily wounded.
Your scale mail prevents you from hitting the rat.
You bite the rat.
You kill the rat!
Items here: ) †††††††††† Unknown command.
Your spectral weapon fades away.
Unknown command. 2 rats come into view.
You puncture the rat!
You kill the rat!
The rat barely misses you.
Unknown command.
You hit the rat.
You kill the rat!
Found 12 gold pieces.
Unknown command.
Found a ration.
You see here 12 gold pieces.
You now have 93 gold pieces (gained 12).
You see here a ration.
d - 8 rations (gained 1)
There is a shaft here.
You fall through a shaft for 3 floors!
The shaft crumbles and collapses.
You hear the hiss of flowing sand.
There is an entrance to an ossuary on this level.
Hurry and find it before the portal is buried!
An iguana, an adder, a steam dragon, an orc priest and a skeleton come into view.
Your song is almost over.
The steam dragon hisses angrily.
The adder hisses angrily.
The iguana hisses angrily.
The orc priest shouts!
You hear a shout! x2
Found 43 gold pieces.
Found a stone staircase leading up and a stone staircase leading down.
Unknown command.
Unknown command.
Unknown command.
Are you sure you want to abandon this character and quit the game? (Confirm with "yes".)

.D .. o# . #.
#.### #..##
#.@.#
.........#
.........#
$.........
.......$...
.....<...$S.
#...>l..##.Z.
#.#......
.###


You could see a steam dragon, an iguana, an orc priest, an adder and a centaur
skeleton.

Vanquished Creatures
  A centaur (D:3)
  A scorpion (D:4)
  A crimson imp (D:5)
  An orc wizard (D:4)
  An iguana (D:4)
  A worker ant (D:5)
  11 adders
  7 river rats (D:5)
  2 adder skeletons
  A worm (D:3)
  6 orcs
  3 bats
  2 giant cockroaches
  3 goblins
  3 hobgoblins
  7 jackals
  5 quokkas
  8 kobolds
  18 rats
82 creatures vanquished.

Notes
Turn   | Place    | Note
-------+----------+-------------------------------------------
     0 | D:1      | tidbits the Gnoll Skald began the quest for the Orb.
     0 | D:1      | Reached XP level 1. HP: 20/20 MP: 6/6
   127 | D:2      | Reached XP level 2. HP: 26/26 MP: 2/7
   131 | D:2      | Learned a level 2 spell: Song of Slaying
   140 | D:2      | Learned a level 2 spell: Shroud of Golubria
   162 | D:2      | Reached skill level 5 in Spellcasting
   162 | D:2      | Reached XP level 3. HP: 29/31 MP: 1/9
   170 | D:2      | Learned a level 3 spell: Regeneration
   174 | D:2      | Learned a level 3 spell: Spectral Weapon
   300 | D:2      | Reached skill level 1 in Invocations
   353 | D:3      | Found a runed translucent gate.
   353 | D:3      | Found a runed translucent gate.
   353 | D:3      | Found a runed translucent gate.
   353 | D:3      | Noticed Killmatronix's ghost (amateur TeWn)
   414 | D:3      | Reached skill level 1 in Short Blades
   414 | D:3      | Reached skill level 1 in Long Blades
   414 | D:3      | Reached skill level 1 in Axes
   414 | D:3      | Reached skill level 1 in Maces & Flails
   414 | D:3      | Reached skill level 1 in Staves
   414 | D:3      | Reached skill level 1 in Slings
   414 | D:3      | Reached skill level 1 in Bows
   414 | D:3      | Reached skill level 1 in Crossbows
   414 | D:3      | Reached skill level 1 in Throwing
   414 | D:3      | Reached skill level 1 in Stealth
   414 | D:3      | Reached skill level 1 in Shields
   414 | D:3      | Reached skill level 1 in Unarmed Combat
   414 | D:3      | Reached skill level 1 in Evocations
   507 | D:3      | Reached XP level 4. HP: 38/38 MP: 3/11
   547 | D:3      | Noticed a centaur
   556 | D:3      | Killed a centaur
   556 | D:3      | Reached skill level 1 in Conjurations
   556 | D:3      | Reached skill level 1 in Hexes
   556 | D:3      | Reached skill level 1 in Summonings
   556 | D:3      | Reached skill level 1 in Necromancy
   556 | D:3      | Reached skill level 1 in Translocations
   556 | D:3      | Reached skill level 1 in Transmutations
   556 | D:3      | Reached skill level 1 in Fire Magic
   556 | D:3      | Reached skill level 1 in Ice Magic
   556 | D:3      | Reached skill level 1 in Air Magic
   556 | D:3      | Reached skill level 1 in Earth Magic
   556 | D:3      | Reached skill level 1 in Poison Magic
   556 | D:3      | Reached XP level 5. HP: 31/43 MP: 2/12
   571 | D:3      | Reached skill level 3 in Armour
   674 | D:3      | Found a blossoming altar of Fedhas.
   752 | D:4      | Found Maresyda's Food Boutique.
   865 | D:4      | Reached skill level 2 in Invocations
   865 | D:4      | Reached XP level 6. HP: 43/50 MP: 6/13
   932 | D:4      | Reached skill level 5 in Fighting
   932 | D:4      | Reached skill level 2 in Short Blades
   932 | D:4      | Reached skill level 2 in Long Blades
   932 | D:4      | Reached skill level 2 in Axes
   932 | D:4      | Reached skill level 2 in Maces & Flails
   932 | D:4      | Reached skill level 5 in Polearms
   932 | D:4      | Reached skill level 2 in Staves
   932 | D:4      | Reached skill level 2 in Slings
   932 | D:4      | Reached skill level 2 in Bows
   932 | D:4      | Reached skill level 2 in Crossbows
   932 | D:4      | Reached skill level 2 in Throwing
   932 | D:4      | Reached skill level 5 in Dodging
   932 | D:4      | Reached skill level 2 in Stealth
   932 | D:4      | Reached skill level 2 in Shields
   932 | D:4      | Reached skill level 2 in Unarmed Combat
   932 | D:4      | Reached skill level 2 in Evocations
   953 | D:5      | Entered Level 5 of the Dungeon
  1257 | D:5      | Reached XP level 7. HP: 56/56 MP: 8/15
  1308 | D:5      | You fall through a shaft for 3 floors!
  1308 | D:8      | Noticed a steam dragon
  1309 | D:8      | Quit the game

Skill      XL: |  1  2  3  4  5  6 |
---------------+-------------------+-----
Spellcasting   | 5 |  5.5
Invocations    | 1 2 |  2.5
Short Blades   | 1 2 |  2.2
Long Blades    | 1 2 |  2.2
Axes           | 1 2 |  2.2
Maces & Flails | 1 2 |  2.2
Staves         | 1 2 |  2.2
Slings         | 1 2 |  2.2
Bows           | 1 2 |  2.2
Crossbows      | 1 2 |  2.2
Throwing       | 1 2 |  2.2
Stealth        | 1 2 |  2.2
Shields        | 1 2 |  2.2
Unarmed Combat | 1 2 |  2.2
Evocations     | 1 2 |  2.2
Conjurations   | 1 |  1.8
Hexes          | 1 |  1.8
Summonings     | 1 |  1.8
Necromancy     | 1 |  1.8
Translocations | 1 |  1.8
Transmutations | 1 |  1.8
Fire Magic     | 1 |  1.8
Ice Magic      | 1 |  1.8
Air Magic      | 1 |  1.8
Earth Magic    | 1 |  1.8
Poison Magic   | 1 |  1.8
Armour         | 3 |  3.4
Fighting       | 5 |  5.1
Polearms       | 5 |  5.1
Dodging        | 5 |  5.1
Charms         | |  5.7

Action                   |  1- 3 |  4- 6 |  7- 9 || total
-------------------------+-------+-------+-------++-------
Melee: Spear             |    55 |   158 |    23 ||   236
       Bite              |     3 |    20 |     4 ||    27
       Punch             |       |     5 |       ||     5
 Cast: Infusion          |     3 |       |       ||     3
       Song of Slaying   |     2 |     2 |     1 ||     5
       Spectral Weapon   |     7 |    15 |       ||    22
       Shroud of Golubri |       |     1 |       ||     1
  Use: Potion            |       |     1 |       ||     1
       Scroll            |       |    10 |       ||    10
 Stab: Sleeping          |     1 |     2 |       ||     3
       Distracted        |       |     1 |       ||     1
  Eat: Ration            |     1 |     1 |       ||     2
Armor: Leather armour    |     9 |    14 |       ||    23
       Scale mail        |       |     9 |     1 ||    10
Dodge: Dodged            |    36 |    61 |     8 ||   105

Table legend:
 A = Turns spent in this place as a percentage of turns spent in the entire game.
 B = Non-inter-level travel turns spent in this place as a percentage of non-inter-level travel turns spent in the entire game.
 C = Inter-level travel turns spent in this place as a percentage of turns spent in this place.
 D = Turns resting spent in this place as a percentage of non-inter-level travel turns spent in this place.
 E = Turns spent auto-exploring this place as a percentage of non-inter-level travel turns spent in this place.
 F = Non-inter-level travel turns spent in this place divided by the number of levels of this place that you've seen.
                   A       B       C       D       E      F
               +-------+-------+-------+-------+-------+----------------------
         Total | 100.0 | 100.0 |   0.0 |   0.0 |   0.0 | 187.0
       Dungeon | 100.0 | 100.0 |   0.0 |   0.0 |   0.0 | 187.0
               +-------+-------+-------+-------+-------+----------------------

Table legend:
 A = Kills in this place as a percentage of kills in entire the game.
 B = Kills by you in this place as a percentage of kills by you in the entire game.
 C = Kills by friends in this place as a percentage of kills by friends in the entire game.
 D = Other kills in this place as a percentage of other kills in the entire game.
 E = Experience gained in this place as a percentage of experience gained in the entire game.
 F = Experience gained in this place divided by the number of levels of this place that you have seen.
                   A       B       C       D       E      F
               +-------+-------+-------+-------+-------+----------------------
         Total | 100.0 | 100.0 |   N/A |   N/A | 100.0 | 100.1
       Dungeon | 100.0 | 100.0 |   N/A |   N/A | 100.0 | 100.1
               +-------+-------+-------+-------+-------+----------------------

Levels and vault maps discovered:
D:1:      dpeg_arrival_shrine, layout_basic
D:2:      layout_rooms
D:3:      layout_basic, fedhas_ov_isle_minmay, ebering_ghost_rock_garden,
          minmay_fractal_squares_diagonal_5
D:4:      layout_gridville, first_ration, serial_shops, shop, shop
D:5:      lemuel_ratsnest, layout_loops_corners
D:6:      layout_cave_pods, cheibriados_altar_1, kennysheep_little_box,
          lemuel_doored_altar, minmay_temple_entry_poolview
D:8:      layout_cave_pools, zin_scriptorium, nicolae_tso_swordbearing_angel,
          nicolae_overflow_hidden_temple, lemuel_crystal_altar, serial_shops,
          shop, nicolae_ossuary_entry_monument, hangedman_little_slice_of_home,
          xom_shifter_show
